 Dungeon Crawl Stone Soup version bcrawl-1.28 (webtiles) character file.

Game seed: 4496006285696007569

83830 pasperui the Sneak (level 1, -1/17 HPs)
             Began as a Naga Sloth Apostle on Dec 8, 2020.
             Was an Initiate of Cheibriados.
             Slain by a goblin (2 damage)
             ... on level 1 of the Dungeon.
             The game lasted 00:01:18 (132 turns).

pasperui the Sneak (Naga Sloth Apostle)              Turns: 132, Time: 00:01:19

Health: -1/17      AC:  1    Str: 15    XL:     1   Next: 80%
Magic:  2/2        EV:  9    Int: 13    God:    Cheibriados [......]
Gold:   0          SH:  0    Dex: 11    Spells: 1/2 levels left

rFire    . . .     SeeInvis +   a - +0 falchion
rCold    . . .     Gourm    .   (no shield)
rNeg     . . .     Faith    .   b - +0 robe
rPois    +         Spirit   .   (helmet restricted)
rElec    .         Reflect  .   (no cloak)
rCorr    .         Harm     .   (no gloves)
MR       .....                  (no barding)
Stlth    +++.......             (no amulet)
HPRegen  0.05/turn              (no ring)
MPRegen  0.08/turn              (no ring)

@: short of breath, very slow
A: large, horns 1, see invisible, deformed body, frail 1, poison resistance,
slowness 2, slow metabolism 1, spit poison 1, AC +0
a: Spit Poison, Bend Time, Renounce Religion


You were on level 1 of the Dungeon.
You worshipped Cheibriados.
Cheibriados was noncommittal.
You were not hungry.

You visited 1 branch of the dungeon, and saw 1 of its levels.

Inventory:

Hand Weapons
 a - a +0 falchion (weapon)
 j - a +1 vampiric spear
Armour
 b - a +0 robe (worn)
 c - a +0 medium shield
Wands
 d - a wand of paralysis (10)
Scrolls
 f - a scroll of immolation {unknown}
 g - a scroll of identify
 h - a scroll of fear {unknown}
Comestibles
 e - a ration {!d}


   Skills:
 - Level 2.0 Fighting
 * Level 2.5 Long Blades
 - Level 4.8 Stealth
 - Level 1.5 Shields
 - Level 1.0 Spellcasting
 - Level 1.0 Hexes
 - Level 1.0 Evocations


You had one spell level left.
You knew the following spells:

 Your Spells              Type           Power        Failure   Level  Hunger
a - Slow                  Hex            #.......     19%         1    None
Your spell library was empty.

Dungeon Overview and Level Annotations

Branches:
Dungeon (1/12)

Altars:


Innate Abilities, Weirdness & Mutations

You cannot wear boots.
Your serpentine skin is tough. (AC +0)
You have supernaturally acute eyesight. (SInv)
Armour fits poorly on your strangely shaped body.
Your system is resistant to poisons. (rPois)
You cover ground very slowly.
You have a slow metabolism.
You can spit poison.
You have a pair of small horns on your head.
You are frail. (-10% HP)


Message History

The splash of poison hits the bat.
The bat is poisoned.
The bat is severely wounded.
You feel slightly more hungry. The bat hits you.
The bat hits you but does no damage. The goblin closely misses you.
You closely miss the goblin.
You kill the bat!
Cheibriados thoroughly appreciates the change of pace.
The goblin hits you.
* * * LOW HITPOINT WARNING * * *
The hobgoblin barely misses you.
It was a potion of mutation.
You feel extremely strange.
You feel frail. A pair of horns grows on your head!
The goblin barely misses you. The hobgoblin hits you.
* * * LOW HITPOINT WARNING * * *
Unknown command.
You hit the hobgoblin but do no damage. The goblin closely misses you.
The hobgoblin closely misses you.
You closely miss the hobgoblin. Your headbutt misses the hobgoblin.
The goblin hits you.
You die...

.......# #..# .# .......#
#..# .# ##..)..# #..# ..#..
####..## #..# ....#.### #
#..# #..######.......$
####..# #..#............
......# #)............#####
#####.####..##.)###.........
# #....##..###.@gK......>.#
# #..<.##..# ###g.........#
###........#g.##.#)#.......
............#..............>
........##..#.###..........#
####....##..# ###.#......#
#....##..# #........#
#....##..# .........#
###.###..# ...#......#


You could see a hobgoblin, a goblin and a kobold.

Vanquished Creatures
  A goblin (D:1)
  A hobgoblin (D:1)
  A bat (D:1)
  2 kobolds (D:1)
  A rat (D:1)
6 creatures vanquished.

Notes
Turn   | Place    | Note
-------+----------+-------------------------------------------
     0 | D:1      | pasperui the Naga Sloth Apostle began the quest for the
                  | Orb.
     0 | D:1      | Reached XP level 1. HP: 19/19 MP: 2/2
   130 | D:1      | Gained mutation: You are frail. (-10% HP) [potion of
                  | mutation]
   130 | D:1      | Gained mutation: You have a pair of small horns on your
                  | head. [potion of mutation]
   132 | D:1      | Slain by a goblin

Action                   || total
-------------------------++-------
Melee: Falchion          ||    16
 Abil: Spit Poison       ||     2
  Use: Potion            ||     1
 Stab: Sleeping          ||     1
Armor: Robe              ||     4
Dodge: Dodged            ||    15
